NWL (28 & UNDER)
BISMARK BORDER GUARDS @ MENLO MANIACS
09/22/2027
 
TOP OF THE 1ST
Bismark Border Guards batting - Pitching for Menlo Maniacs : RHP José Córdova
Pitching: RHP José Córdova
Batting: RHB Tony Hernández 0-0: SINGLE (Line Drive, 9LM)
Batting: RHB Enrique Soto 0-0: Ball
1-0: Called Strike
1-1: Called Strike
1-2: Ball
2-2: Ball
3-2: Foul Ball, location: 2F
3-2: Fly out, F8 (Flyball, 8LS)
Batting: SHB Vicente Pagán 0-0: Ball
1-0: Ball
2-0: Ball
3-0: Called Strike
3-1: Base on Balls
Tony Hernández to second
Batting: RHB Alfredo Farías 0-0: Ball
1-0: SINGLE (Groundball, 6MD)
Tony Hernández to third
Vicente Pagán to second
Runner from 3rd tries for Home, SAFE, no throw
Batting: SHB Júlio Romano 0-0: Ball
1-0: Foul Ball, location: 2F
1-1: SINGLE (Groundball, 56D)
Vicente Pagán to third
Alfredo Farías to second
Runner from 3rd tries for Home, SAFE, no throw
Batting: RHB Reynaldo Slomp 0-0: Ball
1-0: Ball
2-0: Ball
3-0: Base on Balls
Alfredo Farías to third
Júlio Romano to second
Batting: RHB Vincent Braun 0-0: Ball
1-0: Ball
2-0: Called Strike
2-1: Ball
3-1: Base on Balls
Alfredo Farías scores
Júlio Romano to third
Reynaldo Slomp to second
Batting: RHB José Vidal 0-0: Fielders Choice at 2nd, 6-4 (Groundball, 6)
Júlio Romano scores
Reynaldo Slomp to third
Batting: RHB António Martínez 0-0: Called Strike
0-1: Called Strike
0-2: Foul Ball, location: 2F
0-2: Ball
1-2: Fielders Choice at 2nd, 5-4 (Groundball, 56)
Top of the 1st over - 4 run(s), 3 hit(s), 0 error(s), 1 left on base; Bismark 4 - Menlo 0
BOTTOM OF THE 1ST
Menlo Maniacs batting - Pitching for Bismark Border Guards : RHP Edward Hastings
Pitching: RHP Edward Hastings
Batting: RHB Kyle Mann 0-0: Fly out, F6 (Popup, 6)
Batting: RHB Clinton Barton 0-0: Called Strike
0-1: Called Strike
0-2: Strikes out looking
Batting: RHB Jason Blair 0-0: Foul Ball, location: 2F
0-1: Called Strike
0-2: Ball
1-2: Ground out 1-3 (Groundball, 13)
Bottom of the 1st over - 0 run(s), 0 hit(s), 0 error(s), 0 left on base; Bismark 4 - Menlo 0
TOP OF THE 2ND
Bismark Border Guards batting - Pitching for Menlo Maniacs : RHP José Córdova
Batting: RHB Tony Hernández 0-0: Ball
1-0: Swinging Strike
1-1: SINGLE (Groundball, 4MD)
Batting: RHB Enrique Soto 0-0: Called Strike
0-1: Called Strike
0-2: Ball
1-2: Strikes out looking
Batting: SHB Vicente Pagán 0-0: Called Strike
0-1: Ball
1-1: Called Strike
1-2: Foul Ball, location: 2F
1-2: Ball
2-2: Fielders Choice at 2nd, 6-4 (Groundball, 6M)
Batting: RHB Alfredo Farías 0-0: Ball
1-0: Called Strike
1-1: Ground out 4-3 (Groundball, 4MD)
Top of the 2nd over - 0 run(s), 1 hit(s), 0 error(s), 1 left on base; Bismark 4 - Menlo 0
BOTTOM OF THE 2ND
Menlo Maniacs batting - Pitching for Bismark Border Guards : RHP Edward Hastings
Batting: RHB Luis Ramírez 0-0: Called Strike
0-1: Swinging Strike
0-2: Hit by Pitch
Pinch Runner at 1st Chris Hall:
Batting: RHB Currito Campos 0-0: Foul Ball, location: 2F
0-1: Ball
1-1: SINGLE (Line Drive, 5D)
Chris Hall to second
Batting: RHB Joe Noble 0-0: Called Strike
0-1: Foul Ball, location: 2F
0-2: Ball
1-2: Grounds into double play, 6-4-3 (Groundball, 6)
Chris Hall to third
Batting: RHB Byron Bracy 0-0: Ball
1-0: Ground out 6-3 (Groundball, 6)
Bottom of the 2nd over - 0 run(s), 1 hit(s), 0 error(s), 1 left on base; Bismark 4 - Menlo 0
TOP OF THE 3RD
Bismark Border Guards batting - Pitching for Menlo Maniacs : RHP José Córdova
Now at 3B: Chris Hall
Batting: SHB Júlio Romano 0-0: Called Strike
0-1: Ball
1-1: Foul Ball, location: 2F
1-2: Ball
2-2: Foul Ball, location: 2F
2-2: Strikes out swinging
Batting: RHB Reynaldo Slomp 0-0: Ball
1-0: Ball
2-0: Ball
3-0: Base on Balls
Batting: RHB Vincent Braun 0-0: Ball
1-0: Called Strike
1-1: Called Strike
1-2: Ball
2-2: Strikes out looking
Batting: RHB José Vidal 0-0: Ball
1-0: Ball
2-0: Ball
3-0: Called Strike
3-1: Swinging Strike
3-2: Ground out 5-3 (Groundball, 56S)
Top of the 3rd over - 0 run(s), 0 hit(s), 0 error(s), 1 left on base; Bismark 4 - Menlo 0
BOTTOM OF THE 3RD
Menlo Maniacs batting - Pitching for Bismark Border Guards : RHP Edward Hastings
Batting: RHB Miguel González 0-0: Swinging Strike
0-1: Ball
1-1: Called Strike
1-2: Foul Ball, location: 2F
1-2: Strikes out looking
Batting: RHB Vaughan Price 0-0: Called Strike
0-1: Ball
1-1: Ground out 4-3 (Groundball, 34)
Batting: RHB Kyle Mann 0-0: Called Strike
0-1: Ball
1-1: Ball
2-1: SINGLE (Line Drive, 56D)
Batting: RHB Clinton Barton 0-0: Called Strike
0-1: Fielders Choice at 2nd, 6-4 (Groundball, 6)
Bottom of the 3rd over - 0 run(s), 1 hit(s), 0 error(s), 0 left on base; Bismark 4 - Menlo 0
TOP OF THE 4TH
Bismark Border Guards batting - Pitching for Menlo Maniacs : RHP José Córdova
Batting: RHB António Martínez 0-0: Called Strike
0-1: Ball
1-1: Fly out, F9 (Flyball, 89M)
Batting: RHB Tony Hernández 0-0: Ball
1-0: Called Strike
1-1: SINGLE (Line Drive, 56D)
Pitching: RHP Jesús Martínez
Batting: RHB Enrique Soto 0-0: Called Strike
0-1: 2-RUN HOME RUN (Flyball, 7D), Distance : 385 ft
Batting: SHB Vicente Pagán 0-0: Ball
1-0: Ball
2-0: SINGLE (Groundball, 4MD)
Batting: RHB Alfredo Farías 0-0: Ball
Vicente Pagán steals 2nd base
1-0: Foul Ball, location: 2F
1-1: Ball
2-1: Foul Ball, location: 2F
2-2: SINGLE (Line Drive, 89S)
Vicente Pagán to third
Runner from 3rd tries for Home, SAFE, no throw
Batting: SHB Júlio Romano 0-0: Ball
1-0: Ball
2-0: Swinging Strike
2-1: Swinging Strike
2-2: Foul Ball, location: 2F
2-2: Fielders Choice at 2nd, 1-6 (Groundball, 13)
Batting: RHB Reynaldo Slomp 0-0: Ball
1-0: Ball
2-0: Ball
3-0: Called Strike
3-1: Ground out 5-3 (Groundball, 56S)
Top of the 4th over - 3 run(s), 4 hit(s), 0 error(s), 1 left on base; Bismark 7 - Menlo 0
BOTTOM OF THE 4TH
Menlo Maniacs batting - Pitching for Bismark Border Guards : RHP Edward Hastings
Batting: RHB Jason Blair 0-0: Called Strike
0-1: Swinging Strike
0-2: Ball
1-2: Ball
2-2: Foul Ball, location: 2F
2-2: Strikes out swinging, 2-3 out at first.
Batting: SHB Chris Hall 0-0: Ball
1-0: Ball
2-0: Called Strike
2-1: Foul Ball, location: 2F
2-2: Foul Ball, location: 2F
2-2: Ground out 4-3 (Groundball, 34)
Batting: RHB Currito Campos 0-0: Foul Ball, location: 2F
0-1: Ground out 4-3 (Groundball, 4)
Bottom of the 4th over - 0 run(s), 0 hit(s), 0 error(s), 0 left on base; Bismark 7 - Menlo 0
TOP OF THE 5TH
Bismark Border Guards batting - Pitching for Menlo Maniacs : RHP Jesús Martínez
Batting: RHB Vincent Braun 0-0: SINGLE (Groundball, 34D)
Pitching: LHP Javier Rodríguez
Batting: RHB José Vidal 0-0: Called Strike
0-1: Ball
1-1: Ball
2-1: Foul Ball, location: 2F
2-2: Ball
3-2: Foul Ball, location: 2F
3-2: Fly out, F8 (Flyball, 89D)
Pitching: RHP Tomás Silva
Batting: RHB António Martínez Pickoff Throw to First - Out!
0-0: Ball
1-0: Reached on error, E5 (Groundball, 5L)
Batting: RHB Tony Hernández 0-0: Swinging Strike
0-1: Called Strike
0-2: Ball
1-2: Ball
2-2: SINGLE (Flyball, 9LS)
António Martínez to second
Runner from 2nd tries for 3rd, SAFE, no throw
Batting: RHB Enrique Soto 0-0: Swinging Strike
0-1: Ball
1-1: Ball
2-1: Foul Ball, location: 2F
2-2: Fly out, F9 (Flyball, 9LSF)
Top of the 5th over - 0 run(s), 2 hit(s), 1 error(s), 2 left on base; Bismark 7 - Menlo 0
BOTTOM OF THE 5TH
Menlo Maniacs batting - Pitching for Bismark Border Guards : RHP Edward Hastings
Batting: RHB Joe Noble 0-0: Ball
1-0: Swinging Strike
1-1: Ball
2-1: Swinging Strike
2-2: Strikes out swinging
Batting: RHB Byron Bracy 0-0: Called Strike
0-1: Foul Ball, location: 2F
0-2: Ball
1-2: Foul Ball, location: 2F
1-2: Fly out, F9 (Flyball, 9LM)
Batting: RHB Miguel González 0-0: Foul Ball, location: 2F
0-1: Ball
1-1: Ball
2-1: Foul Ball, location: 2F
2-2: Foul Ball, location: 2F
2-2: Ball
3-2: Base on Balls
Batting: RHB Vaughan Price 0-0: Ball
1-0: Called Strike
1-1: Ball
2-1: Foul Ball, location: 2F
2-2: Strikes out swinging
Bottom of the 5th over - 0 run(s), 0 hit(s), 0 error(s), 1 left on base; Bismark 7 - Menlo 0
TOP OF THE 6TH
Bismark Border Guards batting - Pitching for Menlo Maniacs : RHP Tomás Silva
Batting: SHB Vicente Pagán 0-0: Ball
1-0: Foul Ball, location: 2F
1-1: Called Strike
1-2: Foul Ball, location: 2F
1-2: Ball
2-2: SINGLE (Line Drive, 9S)
Pitching: RHP Juan Caballero
Batting: RHB Alfredo Farías 0-0: Ball
1-0: Foul Ball, location: 2F
1-1: Foul Ball, location: 2F
1-2: Foul Ball, location: 2F
1-2: Ball
2-2: Strikes out swinging
Pitching: LHP Joe Jenkins
Batting: SHB Júlio Romano Pickoff Throw to First - Out!
0-0: Ball
1-0: Called Strike
1-1: Fly out, F9 (Flyball, 9S)
Top of the 6th over - 0 run(s), 1 hit(s), 0 error(s), 0 left on base; Bismark 7 - Menlo 0
BOTTOM OF THE 6TH
Menlo Maniacs batting - Pitching for Bismark Border Guards : RHP Edward Hastings
Batting: RHB Kyle Mann 0-0: Called Strike
0-1: Ball
1-1: Fly out, F7 (Flyball, 7LM)
Batting: RHB Clinton Barton 0-0: Called Strike
0-1: Called Strike
0-2: Ball
1-2: Reached on error, E5 (Groundball, 56)
Batting: RHB Jason Blair 0-0: Fly out, F9 (Flyball, 9LSF)
Batting: SHB Chris Hall 0-0: Called Strike
0-1: DOUBLE (Line Drive, 7LM)
Clinton Barton to third
Batting: RHB Currito Campos 0-0: Ball
1-0: Fly out, F7 (Flyball, 7)
Bottom of the 6th over - 0 run(s), 1 hit(s), 1 error(s), 2 left on base; Bismark 7 - Menlo 0
TOP OF THE 7TH
Bismark Border Guards batting - Pitching for Menlo Maniacs : LHP Joe Jenkins
Batting: RHB Reynaldo Slomp 0-0: Called Strike
0-1: Ball
1-1: Ball
2-1: Foul Ball, location: 2F
2-2: Ball
3-2: Base on Balls
Batting: RHB Vincent Braun 0-0: Ball
1-0: Ball
2-0: Ball
3-0: Called Strike
3-1: Foul Ball, location: 2F
3-2: SINGLE (Flyball, 7)
Reynaldo Slomp to second
Batting: RHB José Vidal 0-0: Ball
1-0: Foul Ball, location: 2F
1-1: Grounds into double play, 3-6-3 (Groundball, 3)
Reynaldo Slomp to third
Batting: RHB António Martínez 0-0: Fly out, F8 (Flyball, 8LS)
Top of the 7th over - 0 run(s), 1 hit(s), 0 error(s), 1 left on base; Bismark 7 - Menlo 0
BOTTOM OF THE 7TH
Menlo Maniacs batting - Pitching for Bismark Border Guards : RHP Edward Hastings
Now at C: Rodrigo García
Batting: RHB Joe Noble 0-0: Ball
1-0: Ball
2-0: Ball
3-0: Base on Balls
Batting: RHB Byron Bracy 0-0: Ball
1-0: Fly out, F7 (Flyball, 7S)
Batting: RHB Miguel González 0-0: Ball
1-0: Grounds into double play, 3-6-3 (Groundball, 34)
Bottom of the 7th over - 0 run(s), 0 hit(s), 0 error(s), 0 left on base; Bismark 7 - Menlo 0
TOP OF THE 8TH
Bismark Border Guards batting - Pitching for Menlo Maniacs : LHP Joe Jenkins
Pitching: RHP Fernando Valdés
Batting: RHB Tony Hernández 0-0: Called Strike
0-1: Ball
1-1: Ball
2-1: Foul Ball, location: 2F
2-2: Foul Ball, location: 2F
2-2: Foul Ball, location: 2F
2-2: Foul Ball, location: 2F
2-2: Ground out 4-3 (Groundball, 4)
Batting: RHB Enrique Soto 0-0: Foul Ball, location: 2F
0-1: Foul Ball, location: 2F
0-2: Ground out 5-3 (Groundball, 56)
Batting: SHB Vicente Pagán 0-0: Foul Ball, location: 2F
0-1: Foul Ball, location: 2F
0-2: Ball
1-2: Foul Ball, location: 2F
1-2: Strikes out swinging
Top of the 8th over - 0 run(s), 0 hit(s), 0 error(s), 0 left on base; Bismark 7 - Menlo 0
BOTTOM OF THE 8TH
Menlo Maniacs batting - Pitching for Bismark Border Guards : RHP Edward Hastings
Pitching: RHP Steve Benson
Now at 3B: Pedro Rodríguez
Batting: RHB Vaughan Price 0-0: Called Strike
0-1: Ground out 6-3 (Groundball, 56)
Batting: RHB Kyle Mann 0-0: Called Strike
0-1: Swinging Strike
0-2: Strikes out swinging
Batting: RHB Clinton Barton 0-0: Foul Ball, location: 2F
0-1: Ball
1-1: Ball
2-1: Foul Ball, location: 2F
2-2: Strikes out looking
Bottom of the 8th over - 0 run(s), 0 hit(s), 0 error(s), 0 left on base; Bismark 7 - Menlo 0
TOP OF THE 9TH
Bismark Border Guards batting - Pitching for Menlo Maniacs : RHP Fernando Valdés
Batting: RHB Alfredo Farías 0-0: Ball
1-0: Ball
2-0: Called Strike
2-1: Foul Ball, location: 2F
2-2: SINGLE (Line Drive, 7LM)
Batting: SHB Júlio Romano 0-0: Called Strike
0-1: Ball
1-1: Swinging Strike
1-2: Ball
2-2: Strikes out looking
Batting: RHB Reynaldo Slomp 0-0: Ball
Alfredo Farías is caught stealing 2nd base
1-0: Swinging Strike
1-1: SINGLE (Groundball, 6MD)
Batting: RHB Vincent Braun 0-0: Ball
1-0: Foul Ball, location: 2F
1-1: Foul Ball, location: 2F
1-2: Strikes out swinging
Top of the 9th over - 0 run(s), 2 hit(s), 0 error(s), 1 left on base; Bismark 7 - Menlo 0
BOTTOM OF THE 9TH
Menlo Maniacs batting - Pitching for Bismark Border Guards : RHP Steve Benson
Batting: RHB Jason Blair 0-0: Fly out, F9 (Line Drive, 9S)
Batting: SHB Chris Hall 0-0: Ball
1-0: Called Strike
1-1: Ball
2-1: Ball
3-1: Base on Balls
Batting: RHB Currito Campos 0-0: Ball
1-0: Ball
Pickoff Throw to First - Error! E1
Chris Hall to second
2-0: Ball
3-0: Base on Balls
Batting: RHB Joe Noble 0-0: Called Strike
0-1: Ball
1-1: Called Strike
1-2: Ball
2-2: Ball
3-2: Grounds into double play, 1-4-3 (Groundball, 15S)
Bottom of the 9th over - 0 run(s), 0 hit(s), 1 error(s), 1 left on base; Bismark 7 - Menlo 0
Thursday, March 30th, 2017 - OOTP Baseball 17.12 Build 75